 Dungeon Crawl Stone Soup version 0.29.1-2-gbd0b4ee654 (webtiles) character file.

Game seed: 13970699213120549332

2688 styxcanada the Covert (level 9, -6/44 HPs)
             Began as a Spriggan Brigand on Nov 2, 2022.
             Hit by a stone thrown by a gnoll sergeant (7 damage)
             ... on level 8 of the Dungeon.
             The game lasted 00:30:12 (9765 turns).

styxcanada the Covert (Spriggan Brigand)            Turns: 9765, Time: 00:30:13

Health: -6/44      AC:  3    Str:  7    XL:     9   Next: 38%
Magic:  14/16      EV: 20    Int: 13    God:
Gold:   414        SH:  7    Dex: 20    Spells: 13/16 levels left

rFire   . . .      SeeInvis +   y - +2 dagger (venom)
rCold   . . .      Faith    .   f - +0 buckler
rNeg    . . .      Spirit   .   b - +0 robe
rPois   .          Reflect  .   (helmet restricted)
rElec   .          Harm     .   c - +0 cloak
rCorr   .          Rampage  .   (gloves unavailable)
Will    +....                   (boots unavailable)
Stlth   +++++.....              (no amulet)
HPRegen 0.14/turn               (no ring)
MPRegen 0.15/turn               (no ring)

@: very quick
A: very small, no large weapons, unfitting armour, see invisible, speed 3
a: no special abilities


You were on level 8 of the Dungeon.
You visited 2 branches of the dungeon, and saw 9 of its levels.

You collected 414 gold pieces.

Inventory:

Hand Weapons
 a - a +2 dagger
 k - a +5 dagger
 s - a +4 short sword
 v - a +2 short sword of electrocution
 y - a +2 dagger of venom (weapon)
Missiles
 d - 16 poisoned darts (quivered)
 e - 2 curare-tipped darts
 i - 73 stones
 u - 8 boomerangs
Armour
 b - a +0 robe (worn)
 c - a +0 cloak (worn)
 f - a +0 buckler (worn)
Wands
 q - a wand of roots (5)
 t - a wand of flame (13)
 w - a wand of polymorph (8)
Scrolls
 n - 2 scrolls of amnesia
 o - 2 scrolls of teleportation
Potions
 g - 3 potions of flight
 h - 3 potions of magic
 j - a potion of brilliance
 m - 6 potions of curing
 p - a potion of haste
 r - a potion of mutation
 x - a potion of berserk rage {unknown}
 z - a potion of might {unknown}


   Skills:
 * Level 3.5 Fighting
 + Level 4.7 Short Blades
 + Level 3.7 Throwing
 * Level 6.1 Dodging
 * Level 11.0 Stealth
 + Level 3.1 Shields
 * Level 4.0 Spellcasting
 * Level 2.1 Conjurations
 * Level 3.4 Hexes
 * Level 4.4 Evocations


You had 13 spell levels left.
You knew the following spells:

 Your Spells              Type           Power      Damage    Failure   Level
a - Dazzling Flash        Conj/Hex       18%        N/A       36%         3

Your spell library contained the following spells:

 Spells                   Type           Power      Damage    Failure   Level
 Summon Guardian Golem    Hex/Summ       7%         N/A       52%         3
 Iskenderun's Battlesphe  Conj           8%         2d6       99%         5
 Silence                  Hex/Air        3%         N/A       99%         5
 Agony                    Necr           2%         N/A       100%        5
 Iron Shot                Conj/Erth      2%         9d2       100%        6
 Orb of Destruction       Conj           4%         9d5       100%        7
 Spellforged Servitor     Conj/Summ      2%         N/A       100%        7


Dungeon Overview and Level Annotations

Branches:
Dungeon (8/15)             Temple (1/1) D:4
   Lair: D:8-11

Altars:
Dithmenos
Fedhas
Hepliaklqana
Makhleb
Okawaru
Sif Muna
Trog
Uskayaw
Vehumet
Wu Jian
Zin
The Shining One


Innate Abilities, Weirdness & Mutations

You are very small and have problems with some larger weapons.
You are too small for most types of armour.
You have supernaturally acute eyesight. (SInv)
You cover ground extremely quickly. (Speed+++)


Message History

The water moccasin struggles to escape constriction. x2
The grasping roots constrict the water moccasin.
The kobold brigand closely misses you. The gnoll sergeant closely misses you.
You hit the kobold brigand.
The kobold brigand is heavily wounded.
The grasping roots constrict the water moccasin.
The roots release their grip on the water moccasin.
The gnoll sergeant hits you from afar with a +0 spear.
The water moccasin completely misses you.
The kobold brigand closely misses you.
You hit the kobold brigand.
The kobold brigand is heavily wounded.
The water moccasin completely misses you.
Unknown command.
You barely miss the water moccasin.
The water moccasin is moderately wounded.
The kobold brigand completely misses you.
The gnoll sergeant throws a stone.
You block the stone. The water moccasin misses you.
The water moccasin misses you. The gnoll sergeant barely misses you.
You block the kobold brigand's attack.
You hit the gnoll sergeant but do no damage.
The gnoll sergeant is poisoned.
The water moccasin closely misses you.
The gnoll sergeant hits you with a +0 spear!
The kobold brigand closely misses you.
You barely miss the gnoll sergeant. The water moccasin barely misses you.
The gnoll sergeant hits you with a +0 spear!
The kobold brigand closely misses you. The water moccasin bites you.
* * * LOW HITPOINT WARNING * * *
You hit the gnoll sergeant but do no damage.
The gnoll sergeant looks even sicker.
The gnoll sergeant is lightly wounded.
The water moccasin bites you!
* * * LOW HITPOINT WARNING * * *
You block the gnoll sergeant's attack.
The kobold brigand hits you with a +1 antimagic dagger.
* * * LOW HITPOINT WARNING * * *
You feel your power leaking away.
The gnoll sergeant throws a stone.
The stone hits you!
You die...

...# ... .... .... .. ..#
..... ..# ##... ...#
......##.#####... ...#
...........#....####...##
...............#.#.##...
#.........##...........
##....@...#......#..##.
#.......SK#)........(..
#.....)#.)))รท......#...
##.#.).#.g)....((.###..
.. ##.####........##...
.. #<.# ##.......##.<. .
#.## #.#.......... ...
#.#...(...... #....
..##.#.......


You could see a water moccasin, a kobold brigand and a gnoll sergeant (very
poisoned).

Vanquished Creatures
  3 yaks (D:8)
  2 ice beasts (D:7)
  An ogre (D:5)
  2 phantoms
  A kobold brigand (D:7)
  5 bullfrogs
  A necrophage (D:5)
  4 scorpions
  4 killer bees (D:7)
  A howler monkey (D:6)
  5 hounds
  6 orc priests
  4 orc wizards
  4 iguanas
  Natasha (thrice) (D:4)
  Robin (D:4)
  10 gnolls
  8 adders
  2 white imps (D:6)
  A worm (D:2)
  24 orcs
  A ball python (D:4)
  6 bats
  9 endoplasms
  3 giant cockroaches
  16 goblins
  6 hobgoblins
  10 jackals (D:1)
  6 quokkas
  6 frilled lizards
  19 kobolds
  11 rats
185 creatures vanquished.

Notes
Turn   | Place    | Note
-------+----------+-------------------------------------------
     0 | D:1      | styxcanada the Spriggan Brigand began the quest for the
                  | Orb.
     0 | D:1      | Reached XP level 1. HP: 10/10 MP: 2/2
    43 | D:1      | Reached skill level 6 in Stealth
    77 | D:1      | Reached XP level 2. HP: 14/14 MP: 3/3
   436 | D:1      | Reached skill level 7 in Stealth
   436 | D:1      | Reached XP level 3. HP: 18/18 MP: 4/4
  1291 | D:2      | Reached XP level 4. HP: 23/23 MP: 5/5
  2348 | D:3      | Found a glowing golden altar of the Shining One.
  2378 | D:3      | Noticed a necrophage
  2708 | D:3      | Reached XP level 5. HP: 25/25 MP: 6/6
  3553 | D:4      | Noticed Natasha
  3557 | D:4      | Killed Natasha
  3558 | D:4      | Reached skill level 1 in Shields
  3728 | D:4      | Reached skill level 8 in Stealth
  3776 | D:4      | Noticed Natasha
  3782 | D:4      | Killed Natasha
  3783 | D:4      | Reached XP level 6. HP: 17/30 MP: 7/7
  3854 | D:4      | Noticed Natasha
  3866 | D:4      | Killed Natasha
  3943 | D:4      | Found a staircase to the Ecumenical Temple.
  3985 | Temple   | Entered the Ecumenical Temple
  4045 | D:4      | Noticed Robin
  4073 | D:4      | Killed Robin
  4349 | D:4      | Learned a level 3 spell: Dazzling Flash
  4773 | D:5      | Entered Level 5 of the Dungeon
  4852 | D:5      | Reached skill level 1 in Spellcasting
  4867 | D:5      | Reached skill level 1 in Evocations
  4867 | D:5      | Reached XP level 7. HP: 19/35 MP: 9/9
  5021 | D:5      | Found a shadowy altar of Dithmenos.
  5198 | D:5      | Reached skill level 1 in Hexes
  5495 | D:5      | Reached skill level 9 in Stealth
  5574 | D:5      | Reached skill level 1 in Conjurations
  6163 | D:6      | Reached XP level 8. HP: 39/39 MP: 10/12
  6702 | D:6      | Reached skill level 10 in Stealth
  6976 | D:6      | Found an ornate altar of the Wu Jian Council.
  7360 | D:7      | Reached skill level 5 in Dodging
  8131 | D:7      | Found a glowing silver altar of Zin.
  8593 | D:7      | Reached XP level 9. HP: 44/44 MP: 14/14
  9204 | D:7      | Found an iron altar of Okawaru.
  9204 | D:7      | Found a bloodstained altar of Trog.
  9337 | D:8      | HP: 1/44 [something] (6)]
  9734 | D:8      | Reached skill level 11 in Stealth
  9763 | D:8      | HP: 1/44 [kobold brigand/+1 antimagic dagger (5)]
  9765 | D:8      | Hit by a stone thrown by a gnoll sergeant

Illustrated notes

Levels and vault maps discovered:
D:1:      dpeg_arrival_ratfight, layout_basic, minmay_misc_feat_columns,
          minmay_tetromino_i4
D:2:      layout_basic
D:3:      layout_loops_ring, tso_metal_star, serial_glass, glass_columns_a,
          glass_columns_a, glass_columns_a, glass_columns_a, grunt_ministairs_5,
          kennysheep_generic_room_6
D:4:      layout_basic, minmay_temple_entry_glassed_door, uniq_natasha,
          uniq_robin
D:5:      layout_rooms, lemuel_round_altar, chequers_serial_rivers_room_b
D:6:      layout_loops_ring, nzn_wu_jian_council_hall
D:7:      layout_gridville, grunt_temple_overflow_bloody_war,
          kennysheep_mini_moat
D:8:      layout_cave_pools, nicolae_elyvilon_temple_path, old_standard_altar,
          uniq_grum
Temple:   hellmonk_temple_two_chambers

Skill      XL: |  1  2  3  4  5  6  7  8  9 |
---------------+----------------------------+-----
Dodging        | 2 3 4 5 6 |  6.1
Stealth        | 6 7 8 9 10 11 | 11.0
Fighting       | 2 3 |  3.5
Short Blades   | 3 4 |  4.7
Shields        | 1 2 3 |  3.1
Spellcasting   | 1 2 3 4 |  4.0
Evocations     | 1 2 4 |  4.4
Hexes          | 1 3 |  3.4
Throwing       | 3 |  3.7
Conjurations   | 1 2 |  2.1

Action                   |  1- 3 |  4- 6 |  7- 9 || total
-------------------------+-------+-------+-------++-------
Melee: Dagger            |   129 |   119 |   100 ||   348
       Punch             |     1 |       |       ||     1
       Short sword       |       |    25 |   130 ||   155
Throw: Dart              |     8 |    47 |    34 ||    89
       Stone             |       |       |     1 ||     1
Evoke: Wand              |       |     4 |    18 ||    22
  Use: Scroll            |     3 |     6 |     6 ||    15
       Potion            |       |       |     5 ||     5
 Stab: Sleeping          |    10 |    13 |    13 ||    36
       Distracted        |     1 |       |     1 ||     2
Armor: Robe              |    21 |    13 |    14 ||    48
Dodge: Dodged            |    79 |    74 |   179 ||   332
Block: Buckler           |    24 |    29 |    74 ||   127
